 Dungeon Crawl Stone Soup version 0.24-b1 (webtiles) character file.

Game seed: 3666271238352948309, levelgen mode: deterministic

83 Mattoad the Cudgeler (level 4, -2/41 HPs)
             Began as a Minotaur Berserker on Oct 12, 2019.
             Was a Follower of Trog.
             Slain by an orc wizard
             ... wielding a +0 dagger
              (4 damage)
             ... on level 3 of the Dungeon.
             The game lasted 00:02:49 (1653 turns).

Mattoad the Cudgeler (Minotaur Berserker)           Turns: 1653, Time: 00:02:49

Health: -2/41      AC:  2    Str: 23    XL:     4   Next: 22%
Magic:  3/3        EV: 12    Int:  4    God:    Trog [*.....]
Gold:   59         SH:  0    Dex:  9    Spells: 3/3 levels left

rFire    . . .     SeeInvis .   a - +0 mace
rCold    . . .     Gourm    .   (no shield)
rNeg     . . .     Faith    .   b - +0 animal skin
rPois    .         Spirit   .   (helmet restricted)
rElec    .         Reflect  .   (no cloak)
rCorr    .         Harm     .   (no gloves)
MR       .....                  (no boots)
Stlth    +.........             (no amulet)
HPRegen  0.13/turn              (no ring)
MPRegen  0.08/turn              (no ring)

@: no status effects
A: retaliatory headbutt, horns 2
a: Berserk, Renounce Religion


You were on level 3 of the Dungeon.
You worshipped Trog.
Trog was aware of your devotion.
You were completely stuffed.

You visited 1 branch of the dungeon, and saw 4 of its levels.

You collected 59 gold pieces.

Inventory:

Hand Weapons
 a - a +0 mace (weapon)
Armour
 b - a +0 animal skin (worn)
Jewellery
 d - a +4 ring of protection {unknown}
Scrolls
 g - a scroll of identify {unknown}
 i - a scroll of magic mapping {unknown}
 j - a scroll of fog {unknown}
Potions
 e - 2 potions of might {unknown}
 f - a potion of cancellation {unknown}
 h - 2 potions of curing {unknown}
 k - a potion of resistance {unknown}
Comestibles
 c - 2 rations


   Skills:
 + Level 4.5 Fighting
 + Level 5.1 Maces & Flails
 + Level 2.6 Armour
 + Level 2.5 Dodging
 + Level 0.1 Stealth


You had 3 spell levels left.
You didn't know any spells.
Your spell library was empty.

Dungeon Overview and Level Annotations

Branches:
Dungeon (4/15)
 Temple: D:4-7

Altars:
Sif Muna

Shops:
D:4 }


Innate Abilities, Weirdness & Mutations

You reflexively headbutt those who attack you in melee.
You have a pair of horns on your head.


Message History

An orc priest comes into view. It is wielding a +0 flail.
You barely miss the orc.
The orc priest shouts!
The orc hits you with a +0 dagger.
The orc priest mumbles some strange prayers to Beogh against you.
Beogh smites you!
* * * LOW HITPOINT WARNING * * *
The orc wizard gestures at you while chanting.
The magic dart hits you!
* * * LOW HITPOINT WARNING * * *
You sock the orc!
You kill the orc!
Trog accepts your kill.
The orc wizard hits you with a +0 dagger.
* * * LOW HITPOINT WARNING * * *
You hit the orc priest.
You headbutt the orc priest, but do no damage.
The orc priest is lightly wounded.
The orc wizard hits you with a +0 dagger.
You die...

#.# #.# .. #.# #. #.#
#. #.# #. . #.# #. .
#.# # ##### #. # #.#
#.######...# #.### #.#
#.o@o......# ##...#
##.#
###########...####.....
#..#
#............##.<......
#.##
#.#############.##.....
#.# #.# #.###...# #.#
#.# ######.####(## #.#
#.# #...........## #.#
#.# #.####.####... #.#
#.# #.# #.# #.##


You could see an orc priest and an orc wizard.

Vanquished Creatures
  An orc priest (D:3)
  An adder (D:3)
  An ooze (D:3)
  A worm (D:3)
  A dart slug (D:1)
  4 orcs (D:3)
  2 bats
  2 giant cockroaches (D:1)
  2 goblins (D:1)
  2 hobgoblins
  2 quokkas (D:3)
  A ball python (D:3)
  2 frilled lizards
  4 kobolds
  5 rats
31 creatures vanquished.

Notes
Turn   | Place    | Note
-------+----------+-------------------------------------------
     0 | D:1      | Mattoad the Minotaur Berserker began the quest for the Orb.
     0 | D:1      | Reached XP level 1. HP: 19/19 MP: 0/0
   407 | D:1      | Reached skill level 4 in Maces & Flails
   461 | D:1      | Reached XP level 2. HP: 25/27 MP: 1/1
   748 | D:4      | Found Puvyow's Gadget Shoppe.
  1033 | D:3      | Reached XP level 3. HP: 25/33 MP: 2/2
  1386 | D:3      | Found a shimmering blue altar of Sif Muna.
  1648 | D:3      | Reached skill level 5 in Maces & Flails
  1648 | D:3      | Reached XP level 4. HP: 23/41 MP: 3/3
  1652 | D:3      | HP: 2/41 [orc wizard/+0 dagger (2)]
  1653 | D:3      | Slain by an orc wizard

Skill      XL: |  1  2  3 |
---------------+----------+-----
Maces & Flails | 4 5 |  5.1
Fighting       | 4 |  4.5
Armour         | |  2.6
Dodging        | |  2.5
Stealth        | |  0.1

Action                   |  1- 3 |  4- 6 || total
-------------------------+-------+-------++-------
Melee: Mace              |    60 |     3 ||    63
       Headbutt          |    12 |     1 ||    13
  Eat: Ration            |     3 |       ||     3
Armor: Animal skin       |    12 |       ||    12
Dodge: Dodged            |    33 |     1 ||    34
